 Dungeon Crawl Stone Soup version 0.21.1-1-g345015f (webtiles) character file.

133 Fang the Chopper (level 5, -1/33 HPs)
             Began as a Gargoyle Berserker on May 29, 2018.
             Was a Believer of Trog.
             Slain by a gnoll
             ... wielding a +0 whip
              (4 damage)
             ... on level 3 of the Dungeon.
             The game lasted 00:01:46 (1668 turns).

Fang the Chopper (Gargoyle Berserker)               Turns: 1668, Time: 00:01:47

Health: -1/33      AC:  9    Str: 21    XL:     5   Next: 16%
Magic:  5/5        EV: 11    Int:  8    God:    Trog [**....]
Gold:   121        SH:  0    Dex:  9    Spells: 4/4 levels left

rFire    . . .     SeeInvis .   a - +0 hand axe
rCold    . . .     Gourm    .   (no shield)
rNeg     + . .     Faith    .   e - +0 ring mail (curse)
rPois    ∞         Spirit   .   (no helmet)
rElec    +         Reflect  .   (no cloak)
rCorr    .         Harm     .   (no gloves)
MR       .....     Rnd*Tele +   (no boots)
Stlth    ..........             p - amulet of inaccuracy (curse)
HPRegen  0.11/turn              g - ring of teleportation (curse)
MPRegen  0.09/turn              (no ring)

@: berserk cooldown, slowed, very slow
A: negative energy resistance 1, electricity resistance, unbreathing,
petrification resistance, rot immunity, AC +4
a: Berserk, Trog's Hand, Burn Spellbooks, Renounce Religion


You were on level 3 of the Dungeon.
You worshipped Trog.
Trog was pleased with you.
You were near starving.

You visited 1 branch of the dungeon, and saw 3 of its levels.

You collected 121 gold pieces.

Inventory:

Hand Weapons
 a - a +0 hand axe (weapon)
Armour
 b - a +0 animal skin
 e - a cursed +0 ring mail (worn)
Jewellery
 g - a cursed ring of teleportation (left hand)
 p - a cursed amulet of inaccuracy (around neck)
Scrolls
 h - 2 scrolls of blinking {unknown}
 i - a scroll of amnesia {unknown}
 k - a scroll of identify {unknown}
 l - a scroll of fear {unknown}
 n - a scroll of enchant weapon {unknown}
 o - a scroll of teleportation {unknown}
Potions
 d - a potion of resistance {unknown}
 f - 2 potions of mutation {unknown}
 j - a potion of haste {unknown}
 m - a potion of might {unknown}
Comestibles
 c - 9 rations


   Skills:
 + Level 4.0 Fighting
 + Level 4.1 Axes
 + Level 2.8 Armour
 + Level 2.1 Dodging
 + Level 0.3 Stealth


You had 4 spell levels left.
You didn't know any spells.

Dungeon Overview and Level Annotations

Branches:
Dungeon (3/15)

Altars:
Cheibriados
Vehumet


Innate Abilities, Weirdness & Mutations

You are resistant to torment.
Your stone body is resilient. (AC +4)
You are immune to poison.
You resist negative energy. (rN+)
You are resistant to electric shocks. (rElec)
You can survive without breathing.
You are immune to petrification.
You are immune to rotting.


Message History

You barely miss the ball python. The gnoll closely misses you.
The ball python bites you but does no damage.
The ball python constricts you. The gnoll hits you but does no damage.
The ball python bites you but does no damage.
The ball python constricts you.
You closely miss the gnoll.
The gnoll is almost dead.
You miss the ball python.
The ball python bites you but does no damage.
The ball python constricts you. The gnoll hits you with a whip.
* * * LOW HITPOINT WARNING * * *
The ball python closely misses you. The ball python constricts you.
The gnoll hits you but does no damage.
You barely miss the gnoll.
The gnoll is almost dead.
You hit the ball python.
You kill the ball python!
Trog accepts your kill. The gnoll hits you with a whip.
You die...

# # # .#. .#
.#(#!##.####.#
#......g.....#
#@# #..# #)#
#..# #.# #).#
####.###..#
#.........#
####.####.#
#.# #.# ...
#.# ....
#.#####.#


You could see a gnoll.

Vanquished Creatures
  2 gnolls (D:3)
  5 adders
  2 oozes
  A worm (D:3)
  2 dart slugs
  5 leopard geckos
  An orc (D:3)
  2 ball pythons
  2 giant cockroaches (D:1)
  2 goblins
  6 hobgoblins (D:1)
  2 jackals (D:1)
  6 kobolds
  6 bats
  4 frilled lizards
  5 rats
53 creatures vanquished.

Notes
Turn   | Place    | Note
-------+----------+-------------------------------------------
     0 | D:1      | Fang the Gargoyle Berserker began the quest for the Orb.
     0 | D:1      | Reached XP level 1. HP: 14/14 MP: 1/1
    98 | D:1      | Reached XP level 2. HP: 17/19 MP: 2/2
   334 | D:1      | Reached XP level 3. HP: 24/24 MP: 3/3
   513 | D:1      | Reached ** piety under Trog
  1086 | D:2      | Reached XP level 4. HP: 22/29 MP: 4/4
  1102 | D:2      | Found a radiant altar of Vehumet.
  1341 | D:2      | Found a snail-covered altar of Cheibriados.
  1651 | D:3      | Reached XP level 5. HP: 23/33 MP: 5/5
  1668 | D:3      | Slain by a gnoll

Skill      XL: |  1  2  3  4 |
---------------+-------------+-----
Axes           | 3 4 |  4.1
Fighting       | 4 |  4.0
Dodging        | 2 |  2.1
Armour         | |  2.8
Stealth        | |  0.3

Action                   |  1- 3 |  4- 6 || total
-------------------------+-------+-------++-------
Melee: Hand axe          |   108 |    65 ||   173
Invok: Berserk           |       |     1 ||     1
  Eat: Chunk             |       |     2 ||     2
Armor: Animal skin       |    26 |       ||    26
       Ring mail         |    29 |    44 ||    73
Dodge: Dodged            |    77 |    55 ||   132
